adibis, lawful male human Samurai --- ----------- ----- --.-- -.........-#--- ---...| |...-- |...------..|..| --.....| |..... --.--- |.....# --.....-- ..... ---- |...| # --..--#--- # #` |....--- ..... --..|---.######## --......---#--#----.|..|-----.--.... |...--..[| ---......)...)...).|-.|............ ---....---- ......-----------|%|..-----..... --.......|---- ---.--- --...-- ---... --........--..| --- |....| |... ---- |.............| |..--- |.. |..| --......|.|...-- --...| ..---.. --.| |.....----....-------- |....| .)...[. o.| --.----------....---........||..-- |...-- .........@| |<......%[).................--...-- ----- .........- --.---------.>...----.............| ......... --- |......----.|..........-- ....-- --.--...| -----.........| .--- -------- ----.---.-- --- --- adibis the Ronin Experience level: 4 Strength: 17 Dexterity: 18 Constitution: 18 Intelligence: 10 Wisdom: 7 Charisma: 6 Health: 0(45) Energy: 14(14) Def: 6 Gold: 188 Moves: 1785 Dungeon seed: QNS0vmaWLPXXpvnv Game ID: adibis_1529603286 Your Inventory: Coins $ - 188 gold pieces Amulets z - an uncursed amulet versus poison Weapons a - a +0 katana (weapon in hand) b - a blessed +0 wakizashi (alternate weapon; not wielded) c - a +0 yumi d - 42 +0 ya (in quiver) Armor e - an uncursed rustproof +0 splint mail (being worn) Comestibles g - 2 uncursed eggs i - an uncursed orange l - 8 uncursed gunyoki q - 2 uncursed tripe rations Scrolls p - an uncursed scroll of teleportation s - an uncursed scroll of confuse monster Potions o - an uncursed potion of water t - an uncursed potion of oil v - an uncursed potion of monster detection Rings u - an uncursed +1 ring of gain constitution Tools w - an uncursed blindfold x - 5 uncursed tallow candles (0:200) y - an uncursed tin whistle Gems n - an uncursed worthless piece of violet glass r - an uncursed worthless piece of yellow glass Spells and supernatural/magical abilities: Name Level Category Fail Memory W - pray for help -- divine ? -- Your skills at the end: Fighting Skills martial arts [Basic] Weapon Skills short sword [Basic] long sword [Basic] bow [Basic] Spellcasting Skills Final Attributes: You were piously aligned. You were very fast. You were unlucky. Amaterasu Omikami was angry with you. You are dead. Vanquished creatures: a dwarf lord 2 Uruk-hai 2 gnome lords a gray ooze a little dog a dwarf a homunculus an acid blob 2 coyotes 2 yellow molds a green mold 8 gnomes a gecko 7 jackals 2 foxes a kobold 4 grid bugs 7 lichens a kobold zombie 4 newts 50 creatures vanquished. Voluntary challenges: You used a wielded weapon 53 times, starting on turn 52. You were illiterate. You never genocided any monsters. You never polymorphed an object. You never changed form. You used no wishes. You never split a pudding. You never wrote Elbereth's name. You never violated your personal moral code. Dungeon overview: The Dungeons of Doom: levels 1 to 5 Level 1 a long staircase Level 2 a general store, some fountains Level 3 a general store, a sink Level 4 a fountain stairs to The Gnomish Mines Level 5 The Gnomish Mines: levels 5 to 6 Level 5 <- You were here stairs to The Dungeons of Doom Level 6 History has recorded: On T:1 you entered the Dungeons of Doom to retrieve the Amulet of Yendor! On T:254 you reached level 2 of The Dungeons of Doom. On T:319 you reached level 3 of The Dungeons of Doom. On T:512 you advanced to experience level 2. On T:592 you reached level 4 of The Dungeons of Doom. On T:784 you advanced to experience level 3. On T:834 you reached level 1 of The Gnomish Mines. On T:1073 you reached level 5 of The Dungeons of Doom. On T:1281 you advanced to experience level 4. On T:1293 you reached level 2 of The Gnomish Mines. On T:1489 you advanced to experience level 5. Score breakdown: Gold: 188 ( 7743 points) Experience: 4 levels ( 9649 points) Exploration: 6 levels ( 11.54%) ( 9393 points) Discoveries: 7 items ( 2.85%) ( 5060 points) Valuables value: (no points given unless you survive) Artifact value: 0 ( 0 points) Variety of kills: 20 monsters ( 5.25%) ( 6873 points) Turncount: 1785 turns ( 0 points) Survival: died (score multiplied by 80%) Total score: 30974 Latest messages: "Thou must relearn thy lessons!" You feel foolish! Sayonara level 5. This tastes like water. You can see again. Never mind. You attack thin air. The newt bites! You hear some noises. The Uruk-hai swings his orcish bow. The Uruk-hai hits! The Uruk-hai picks up an orcish short sword. You hit the Uruk-hai! Never mind. You are suddenly moving faster. You hear some noises in the distance. The Uruk-hai hits! You die... Final status: Sayonara adibis the Samurai, killed by an Uruk-hai... You died in The Gnomish Mines on dungeon level 5 with 30974 points, and 188 pieces of gold, after 1785 moves. You were level 4 with a maximum of 45 hit points when you died.